 Dungeon Crawl Stone Soup version 0.31-a0-965-g8a8ce12e04 (webtiles) character file.

Game seed: 2230551688270192163

5501 MacCMillion the Grappler (level 10, 0/72 HPs)
             Began as an Octopode Shapeshifter on Oct 26, 2023.
             Was an Initiate of Gozag.
             Slain by an orc warrior
             ... wielding a +0 antimagic hand axe
              (9 damage)
             ... on level 9 of the Dungeon.
             The game lasted 00:15:54 (10809 turns).

MacCMillion the Grappler (Octopode Shapeshifter)   Turns: 10809, Time: 00:15:55

Health: 0/72       AC:  1    Str: 17    XL:     10   Next: 70%
Magic:  1/10       EV: 20    Int: 14    God:    Gozag
Gold:   1044       SH:  0    Dex: 11    Spells: 9/9 levels left

rFire   . .          .
                       - Unarmed
rCold   . . .        (shield currently unavailable)
rNeg    . . .        (helmet restricted)
rPois   +            (no amulet)
rElec   .            g - +5 ring of evasion
rCorr   .            n - ring of poison resistance
SInv    .            (no ring)
Will    .....        (no ring)
Stlth   +            (no ring)
HPRegen 0.32/turn    (no ring)
MPRegen 0.12/turn    (no ring)
                     (no ring)

%: no passive effects
@: flux-form, gold aura, glowing
A: glow, contaminating, almost no armour, amphibious, 8 rings, camouflage 1,
gelatinous body 1, (nimble swimmer 1), tentacles
a: Begin Untransformation, Renounce Religion, Potion Petition, Call Merchant,
Bribe Branch


You were on level 9 of the Dungeon.
You worshipped Gozag.
Gozag was most pleased with you.
You were something dangerously unstable.
You visited 2 branches of the dungeon, and saw 10 of its levels.

You collected 1124 gold pieces.
You spent 42 gold pieces at shops.
You paid 38 gold pieces to Gozag.

Inventory:

Armour
 i - a +2 kite shield
Jewellery
 g - a +5 ring of evasion (left tentacle)
 n - a ring of poison resistance (right tentacle)
Talismans
 b - a beast talisman
 c - a flux talisman (active)
Wands
 r - a wand of iceblast (10)
 s - a wand of polymorph (7)
 z - a wand of flame (37)
Scrolls
 d - a scroll of noise {unknown}
 e - 2 scrolls of fog {unknown}
 f - 2 scrolls of enchant weapon
 h - 2 scrolls of immolation {unknown}
 j - 3 scrolls of blinking {unknown}
 k - a scroll of poison {unknown}
 p - 2 scrolls of teleportation {unknown}
 w - 2 scrolls of fear {unknown}
 x - a scroll of enchant armour {unknown}
 y - 2 scrolls of amnesia {unknown}
 A - a scroll of silence {unknown}
 D - a scroll of identify {unknown}
 G - a scroll of acquirement {unknown}
Potions
 a - a potion of lignification
 l - a potion of magic {unknown}
 m - a potion of curing
 o - a potion of attraction {unknown}
 q - a potion of resistance {unknown}
 t - 2 potions of brilliance {unknown}
 u - 2 potions of heal wounds {unknown}
 v - a potion of ambrosia {unknown}
 B - a potion of mutation {unknown}
 C - a potion of berserk rage {unknown}
 E - 2 potions of degeneration {unknown}
 F - a potion of invisibility {unknown}


   Skills:
 + Level 7.9 Fighting
 + Level 8.1 Dodging
 + Level 8.4 Unarmed Combat
 + Level 7.8 Shapeshifting


You had 9 spell levels left.
You didn't know any spells.
Your spell library contained the following spells:

 Spells                   Type           Power      Damage    Failure   Level
 Necrotise                Necr           0%         1d4       28%         1
 Slow                     Hex            0%         N/A       28%         1
 Call Canine Familiar     Summ           0%         N/A       65%         3
 Confusing Touch          Hex            0%         N/A       65%         3
 Sigil of Binding         Hex            0%         N/A       65%         3
 Tukima's Dance           Hex            0%         N/A       65%         3
 Vampiric Draining        Necr           0%         2d6       65%         3
 Dimensional Bullseye     Hex/Tloc       0%         N/A       96%         4
 Iskenderun's Mystic Bla  Conj/Tloc      0%         2d3       96%         4
 Leda's Liquefaction      Hex/Erth       0%         N/A       96%         4
 Agony                    Necr           0%         N/A       100%        5
 Alistair's Intoxication  Tmut/Pois      0%         N/A       100%        5
 Borgnjor's Vile Clutch   Necr/Erth      0%         N/A       100%        5
 Eringya's Noxious Bog    Tmut/Pois      0%         4d6       100%        6


Dungeon Overview and Level Annotations

Branches:
Dungeon (9/15)             Temple (1/1) D:4            Lair (0/5) D:8
    Orc: D:9-12

Altars:
Ashenzari
Cheibriados
Dithmenos
Elyvilon
Fedhas
Gozag
Hepliaklqana
Kikubaaqudgha
Makhleb
Okawaru
Qazlal
Ru
Trog
Uskayaw
Vehumet
Wu Jian
Xom
Yredelemnul
Zin
The Shining One

Shops:
D:1 [   D:3 (*:[   D:5 *   D:8 (   D:9 *

Annotations:
D:5 exclusion: centaur
D:7 Jeremiah
D:8 exclusion: steam dragon, Erica


Innate Abilities, Weirdness & Mutations

You are something dangerously unstable.
You glow with magical radiation, making you easy to see and hit.
Foes you strike become dangerously contaminated with magical radiation.
You are incapable of wielding weapons or throwing items.
You cannot wear most types of armour.
You are amphibious.
You can wear up to eight rings at the same time.
Your skin changes colour to match your surroundings (Stealth+).
Your rubbery body absorbs attacks. (AC +1, EV +1)
((You are camouflaged when in or above water. (Stealth+)))
You have tentacles for arms and can constrict up to eight enemies at once.


Message History

The killer bee completely misses you. The killer bee barely misses you.
You barely miss the killer bee.
The killer bee is severely wounded.
You constrict the killer bee.
You feel sick. The killer bee stings you. The killer bee stings you!
You bludgeon the killer bee!
You kill the killer bee!
You feel sick.
You tentacle-slap the orc.
The orc begins to glow.
You grab the orc.
The orc is lightly wounded.
You constrict the orc.
You feel sick. The orc closely misses you.
You bludgeon the orc!
You kill the orc!
You feel sick.
The orc warrior hits you with a +0 antimagic hand axe!
* * * LOW HITPOINT WARNING * * *
You feel your power leaking away.
You barely miss the orc warrior. You grab the orc warrior.
You constrict the orc warrior.
You feel sick.
You are no longer poisoned.
The orc warrior completely misses you.
You barely miss the orc warrior.
You squeeze the orc warrior, but do no damage.
You constrict the orc warrior. You barely miss the orc warrior.
The orc warrior is lightly wounded.
You constrict the orc warrior.
The orc warrior hits you with a +0 antimagic hand axe!
* * * LOW HITPOINT WARNING * * *
You feel your power leaking away.
You tentacle-slap the orc warrior.
The orc warrior begins to glow.
The orc warrior is moderately wounded.
You constrict the orc warrior. The orc warrior closely misses you.
You tentacle-slap the orc warrior but do no damage.
The orc warrior glows dangerously bright.
The orc warrior is heavily wounded.
You constrict the orc warrior.
The orc warrior hits you with a +0 antimagic hand axe!
You die...
Your body crumbles into a pile of gold.

#..........'.#
#......# #
#..........###
####'###
######'##### #.#
#.# ..# ##.# #..#
###.### #'#
#.....#######.....
######
#.......oop$'.?...
...>..
#.....#######.....
###### #.....# ...
###.### # ##.#
#..# ###.## #.o.#
#o###


You could see an orc warrior (heavy contam) and an orc.

Vanquished Creatures
  A two-headed ogre (D:9)
  A komodo dragon (D:8)
  A troll (D:9)
  A hornet (D:9)
  Prince Ribbit (D:7)
  7 yaks
  Menkaure (D:4)
  A water moccasin (D:6)
  An ice beast (D:8)
  An orc warrior (D:8)
  2 black bears
  A sky beast (D:7)
  An ogre (D:4)
  2 phantoms
  A kobold brigand (D:9)
  5 bullfrogs
  A gnoll sergeant (D:7)
  A scorpion (D:6)
  5 wights (D:9)
  9 killer bees
  2 vampire bats (D:5)
  A howler monkey (D:5)
  A crimson imp (D:7)
  3 hounds
  4 jellies
  A gnoll bouda (D:6)
  3 orc priests
  5 iguanas
  2 sleepcaps
  4 orc wizards
  2 adders (D:2)
  15 gnolls
  2 white imps
  2 dart slugs
  27 orcs
  2 ball pythons
  3 bat skeletons (D:5)
  2 bat zombies (D:5)
  An endoplasm (D:2)
  A giant cockroach (D:3)
  6 goblins
  4 hobgoblins
  4 jackals (D:2)
  4 kobolds
  2 quokkas
  A bat (D:1)
  3 frilled lizards
  6 rats
157 creatures vanquished.

Notes
Turn   | Place    | Note
-------+----------+-------------------------------------------
     0 | D:1      | MacCMillion the Octopode Shapeshifter began the quest for
                  | the Orb.
     0 | D:1      | Reached XP level 1. HP: 13/13 MP: 1/1
   112 | D:1      | Reached XP level 2. HP: 18/18 MP: 2/2
   195 | D:1      | Found Dibaqaem's Armour Shoppe.
   783 | D:2      | Reached XP level 3. HP: 4/23 MP: 3/3
  1085 | D:2      | Reached XP level 4. HP: 4/29 MP: 4/4
  1513 | D:3      | Found Cyang's General Store.
  1513 | D:3      | Found Waffim's Book Boutique.
  1518 | D:3      | Bought a potion of curing for 42 gold pieces
  1529 | D:3      | Found a faded altar of an unknown god.
  1637 | D:3      | Found Golishy's Antique Armour Emporium.
  1700 | D:3      | Found Poceatow's Weapon Boutique.
  1748 | D:3      | Found a blossoming altar of Fedhas.
  1983 | D:4      | Noticed Menkaure
  1988 | D:4      | Killed Menkaure
  1989 | D:4      | Reached XP level 5. HP: 11/35 MP: 5/5
  2393 | D:4      | Found a staircase to the Ecumenical Temple.
  2413 | Temple   | Entered the Ecumenical Temple
  2420 | Temple   | Became a worshipper of Gozag Ym Sagoz the Greedy
  2642 | D:4      | Reached XP level 6. HP: 41/41 MP: 6/6
  2926 | D:5      | Entered Level 5 of the Dungeon
  3026 | D:5      | Found a hide-covered altar of Uskayaw.
  3209 | D:5      | Reached XP level 7. HP: 46/46 MP: 7/7
  3541 | D:5      | Found an iron altar of Okawaru.
  3599 | D:5      | Found Zin's Purification Station.
  3605 | D:5      | Found a glowing silver altar of Zin.
  3610 | D:5      | Reached skill level 5 in Unarmed Combat
  3858 | D:5      | Found an ancient bone altar of Kikubaaqudgha.
  4059 | D:5      | Reached XP level 8. HP: 12/54 MP: 8/8
  4313 | D:5      | Reached skill level 5 in Shapeshifting
  4480 | D:6      | Reached skill level 5 in Dodging
  4767 | D:6      | Reached skill level 5 in Fighting
  4834 | D:6      | Noticed a yak
  4849 | D:6      | Noticed a yak
  4850 | D:6      | Noticed a yak
  4856 | D:6      | Killed a yak
  4860 | D:6      | Killed a yak
  4866 | D:6      | Killed a yak
  4867 | D:6      | Reached XP level 9. HP: 43/61 MP: 9/9
  5355 | D:7      | Found a glowing golden altar of the Shining One.
  5378 | D:7      | Noticed Jeremiah
  5559 | D:7      | Found a burning altar of Makhleb.
  6832 | D:7      | Noticed Prince Ribbit
  6844 | D:7      | Killed Prince Ribbit
  7468 | D:8      | Noticed Erica
  7484 | D:8      | Found a staircase to the Lair.
  7486 | D:8      | Noticed a komodo dragon
  7530 | D:8      | Killed a komodo dragon
  7827 | D:8      | Found Zocvocro's Antique Weapon Shoppe.
  8203 | D:8      | Reached XP level 10. HP: 69/69 MP: 10/10
  9891 | D:9      | Found Rupac's Gadget Gallery.
  9981 | D:9      | Found a sacrificial altar of Ru.
  9996 | D:9      | Noticed a two-headed ogre
 10180 | D:9      | HP: 1/69 [two-headed ogre/+0 giant spiked club (24)]
 10183 | D:9      | Killed a two-headed ogre
 10809 | D:9      | Slain by an orc warrior

Illustrated notes

Levels and vault maps discovered:
D:1:      nicolae_arrival_escape_room, layout_basic, serial_shops,
          nicolae_shop_behind_doors, minmay_curled_crystal,
          hangedman_decor_clover_reticule
D:2:      layout_basic, chequers_serial_rivers_micro_c,
          kennysheep_generic_room_4
D:3:      layout_basic, general_overflow_altar, serial_shops,
          nicolae_shop_window_shopping, shop, shop, shop, basic_ecumenical_altar
D:4:      layout_cave_pods, minmay_temple_entry_overgrown, uniq_menkaure
D:5:      layout_loops_ring, kennysheep_vampire_church, zin_purify,
          eat_drink_and_be_merry_uskayaw, kennysheep_okawaru_gauntlet
D:6:      layout_basic
D:7:      layout_gridville, mainiacjoe_overflow_brackets, makhleb_grotto_becter,
          uniq_jeremiah, uniq_prince_ribbit1
D:8:      layout_basic, david_lair_shrubbed, nicolae_wooded_promenade,
          uniq_erica
D:9:      layout_roguey [special_room_orc], kennysheep_mini,
          nicolae_shop_gadgets
Temple:   hellmonk_temple_forest_ring

Skill      XL: |  1  2  3  4  5  6  7  8  9 10 |
---------------+-------------------------------+-----
Fighting       | 2 3 4 5 6 7 |  7.9
Dodging        | 3 4 5 7 8 |  8.1
Unarmed Combat | 4 5 6 7 8 |  8.4
Shapeshifting  | 4 5 6 7 |  7.8

Action                     |  1- 3 |  4- 6 |  7- 9 | 10-12 || total
---------------------------+-------+-------+-------+-------++-------
  Melee: Unarmed           |    47 |    88 |   191 |   119 ||   445
         Tentacles         |     6 |    19 |    53 |    33 ||   111
         Constrict         |    11 |    24 |    45 |    21 ||   101
         Punch             |       |     4 |     9 |       ||    13
  Evoke: Wand              |       |     1 |     3 |       ||     4
    Use: Potion            |       |       |     3 |       ||     3
         Scroll            |       |       |     1 |       ||     1
   Stab: Sleeping          |     3 |     7 |     3 |       ||    13
         Distracted        |       |       |     1 |       ||     1
 Armour: Skin              |    16 |    21 |    74 |    37 ||   148
  Dodge: Dodged            |    43 |    63 |   142 |    92 ||   340
   Form: Flux              |       |       |       |     1 ||     1

Table legend: (Time is in decaauts)
 A = Elapsed time spent in this place.
 B = Non-inter-level travel time spent in this place.
 C = Inter-level travel time spent in this place.
 D = Time resting spent in this place.
 E = Time spent auto-exploring this place.
 F = Levels seen in this place.
 G = Mean time per level.
                   A        B        C        D        E       F      G
               +--------+--------+--------+--------+--------+-----+--------+
         Total |  10764 |  10470 |    294 |   2923 |   6001 |  10 | 1076.4 |
       Dungeon |  10741 |  10447 |    294 |   2913 |   6001 |   9 | 1193.4 |
        Temple |     23 |     23 |      0 |     10 |      0 |   1 |   23.0 |
               +--------+--------+--------+--------+--------+-----+--------+

Top non-repeatable levels by time:
     D:8: 2239 daAuts
     D:7: 1911 daAuts
     D:5: 1499 daAuts
     D:9: 1314 daAuts
     D:6: 880 daAuts
     D:4: 823 daAuts
     D:2: 769 daAuts
     D:1: 739 daAuts
     D:3: 563 daAuts
  Temple: 23 daAuts
